Map: Odyssey LE

Players

azippy - Winner!

  • Race: Protoss Protoss
  • League: Gold
  • Spawn Location: 5:00

landen

  • Race: Zerg Zerg
  • League: Silver
  • Spawn Location: 11:00

VOD

Have the link to the VOD?

Description

Time

  • Played on: Jan. 6, 2018, 9:57 p.m.
  • Length: 16:19
Show
View Real Time Build Order
Export as new Build Order

azippy Protoss - Winner!

Build Orders: Oracle Opening 

Get SALT Encoding   

  12  0:01  Probe  
  13  0:13  Probe  
  14  0:23  Pylon  
  14  0:25  Probe  
  15  0:41  Probe  
  16  0:43  Gateway  
  16  0:52  Assimilator  
  16  0:53  Probe  
  17  1:05  Probe  
  18  1:17  Probe  
  19  1:29  Probe  
  19  1:30  Pylon  
  20  1:33  Cybernetics Core  
  20  1:38  Pylon  
  20  1:42  Probe  
  21  1:54  Probe  
  22  2:00  Nexus  
  22  2:07  Warp Gate (Chrono Boost)  
  22  2:12  Assimilator  
  22  2:14  Sentry  
  24  2:30  Probe  
  25  2:48  Zealot  
  27  2:53  Stargate  
  27  3:01  Probe  
  28  3:13  Probe x2  
  30  3:25  Probe x2  
  30  3:37  Pylon, Probe  
  30  3:40  Oracle (Chrono Boost)  
  31  3:44  Probe  
  35  3:49  Probe  
  36  3:56  Probe  
  36  4:01  Probe  
  38  4:03  Gateway  
  38  4:04  Gateway  
  38  4:06  Gateway  
  38  4:08  Probe  
  39  4:13  Probe  
  40  4:23  Zealot  
  41  4:25  Probe  
  40  4:37  Probe  
  40  5:08  Pylon  
  40  5:13  Probe (Chrono Boost)  
  42  5:16  Probe (Chrono Boost)  
  43  5:21  Probe (Chrono Boost)  
  43  5:24  Probe (Chrono Boost), Stargate  
  43  5:25  Stargate  
  43  5:27  Probe  
  43  5:28  Stalker, Gateway  
  46  5:29  Oracle (Chrono Boost), Gateway  
  46  5:35  Probe  
  51  5:39  Probe  
  52  5:56  Stalker  
  46  6:24  Probe (Chrono Boost)  
  42  6:33  Pylon, Probe (Chrono Boost)  
  42  6:38  Probe (Chrono Boost)  
  43  6:50  Probe  
  43  6:51  Void Ray x2  
  43  6:53  Gateway  
  52  6:55  Forge  
  52  6:57  Forge  
  52  7:02  Shield Battery, Stalker  
  54  7:20  Pylon  
  54  7:21  Pylon  
  54  7:23  Pylon  
  54  7:38  Void Ray, Probe  
  59  7:49  Zealot x3  
  59  7:50  Probe  
  66  7:52  Probe  
  66  7:57  Assimilator  
  67  7:59  Nexus, Assimilator  
  67  8:00  Void Ray x2  
  67  8:02  Pylon  
  67  8:03  Probe  
  67  8:04  Probe  
  67  8:05  Pylon  
  77  8:15  Probe  
  78  8:20  Probe  
  78  8:21  Void Ray  
  83  8:27  Probe  
  83  8:32  Probe  
  83  8:33  Robotics Facility  
  85  8:35  Zealot x4, Pylon  
  85  8:37  Pylon  
  93  8:44  Probe  
  86  9:16  Protoss Ground Weapons Level 1  
  86  9:17  Protoss Ground Armor Level 1  
  86  9:25  Photon Cannon  
  86  9:27  Photon Cannon  
  86  9:29  Photon Cannon, Probe (Chrono Boost)  
  87  9:31  Photon Cannon  
  87  9:33  Photon Cannon  
  87  9:35  Immortal  
  92  9:39  Void Ray x2, Probe (Chrono Boost)  
  92  9:44  Probe (Chrono Boost)  
  101  9:53  Zealot x3  
  101  9:54  Zealot  
  101  9:56  Probe  
  110  10:01  Twilight Council  
  110  10:04  Robotics Facility  
  110  10:07  Stargate  
  110  10:08  Probe  
  110  10:11  Assimilator  
  111  10:15  Observer (Chrono Boost), Assimilator  
  111  10:20  Probe  
  113  10:21  Gateway  
  113  10:22  Gateway  
  113  10:32  Probe  
  102  10:38  Zealot  
  102  10:39  Zealot x3  
  96  10:51  Void Ray x2  
  104  11:05  Observer  
  101  11:13  Zealot x4  
  105  11:26  Void Ray  
  109  11:33  Void Ray  
  109  11:35  Probe  
  109  11:36  Protoss Shields Level 1 (Chrono Boost)  
  109  11:38  Protoss Ground Weapons Level 2 (Chrono Boost)  
  114  11:47  Probe  
  115  11:55  Nexus  
  115  11:59  Charge (Chrono Boost), Probe  
  116  12:09  Void Ray  
  116  12:11  Probe  
  121  12:22  Void Ray  
  120  12:23  Probe  
  125  12:32  Pylon  
  125  12:34  Pylon  
  125  12:37  Pylon  
  125  12:47  Gateway  
  125  12:50  Observer, Gateway, Probe  
  127  12:54  Pylon  
  127  12:57  Pylon  
  127  13:02  Probe  
  127  13:03  Observer  
  129  13:14  Probe  
  129  13:16  Zealot  
  129  13:17  Zealot x5  
  142  13:24  Probe  
  142  13:26  Probe  
  144  13:36  Probe  
  144  13:37  Photon Cannon  
  144  13:38  Photon Cannon  
  144  13:39  Probe  
  144  13:40  Photon Cannon  
  146  13:42  Protoss Ground Armor Level 2 (Chrono Boost), Photon Cannon  
  146  13:43  Void Ray  
  146  13:44  Photon Cannon  
  146  13:46  Photon Cannon  
  146  13:48  Probe  
  151  13:51  Probe  
  152  14:00  Probe  
  152  14:02  Fleet Beacon  
  153  14:12  Probe  
  153  14:13  Zealot x5  
  153  14:14  Zealot  
  169  14:24  Immortal  
  169  14:32  Probe (Chrono Boost)  
  170  14:40  Assimilator  
  170  14:42  Assimilator, Probe (Chrono Boost)  
  170  14:43  Observer  
  170  14:45  Graviton Catapult (Chrono Boost)  
  172  14:47  Probe (Chrono Boost)  
  173  14:52  Pylon  
  173  14:54  Pylon  
  173  14:56  Sentry x2  
  173  14:57  Sentry  
  173  14:59  Probe  
  180  15:11  Immortal  
  184  15:21  Stalker x4  
  188  15:22  Stalker x2  
  182  15:48  Zealot x6  
  182  15:49  Zealot x2  
  156  16:18  Zealot x3  
Show
View Real Time Build Order
Export as new Build Order

landen Zerg 

Build Orders: Pool First, Zergling Baneling 

Get SALT Encoding   

  12  0:05  Drone  
  13  0:08  Drone  
  14  0:17  Overlord  
  14  0:34  Extractor  
  13  0:43  Spawning Pool  
  13  0:44  Drone x2  
  13  0:49  Drone  
  15  1:00  Drone  
  16  1:08  Drone  
  17  1:20  Drone  
  18  1:29  Drone  
  19  1:38  Extractor  
  18  1:41  Queen, Drone  
  18  1:42  Baneling Nest  
  20  1:56  Drone  
  21  2:03  Zergling x2  
  21  2:04  Metabolic Boost  
  22  2:12  Overlord  
  22  2:32  Drone x2  
  22  2:34  Hatchery  
  23  2:45  Lair  
  23  2:51  Zergling x2  
  23  2:52  Zergling x2  
  23  2:56  Zergling x2  
  26  3:00  Zergling x2  
  26  3:03  Zergling x2  
  27  3:38  Baneling x8  
  27  3:39  Baneling x3  
  27  3:41  Zergling x4  
  29  3:50  Drone x2  
  29  3:52  Roach Warren  
  30  3:59  Zergling x2  
  30  4:00  Zergling x2  
  25  4:39  Roach x5  
  31  4:55  Queen  
  31  4:56  Spore Crawler  
  31  4:57  Roach  
  34  5:01  Roach  
  36  5:17  Overlord  
  36  5:23  Overseer  
  36  5:30  Glial Reconstitution  
  36  5:35  Queen  
  38  5:37  Drone x2  
  38  5:41  Drone  
  41  5:47  Drone  
  41  5:48  Drone  
  41  6:12  Roach  
  39  6:30  Hydralisk Den  
  39  6:31  Drone x2  
  34  6:35  Drone x3  
  37  6:45  Spore Crawler  
  37  6:47  Drone  
  37  6:51  Drone x2  
  37  6:52  Drone  
  40  7:00  Muscular Augments  
  40  7:07  Hydralisk x2  
  44  7:09  Overlord  
  44  7:10  Overlord  
  44  7:15  Overseer  
  44  7:23  Overlord x2  
  44  7:30  Drone x4  
  44  7:34  Hydralisk  
  50  7:45  Hydralisk x2  
  54  7:52  Drone  
  54  7:53  Hydralisk  
  54  7:54  Hydralisk  
  54  7:58  Hydralisk  
  59  8:02  Hydralisk  
  63  8:09  Drone x2  
  65  8:14  Hydralisk  
  67  8:29  Roach  
  67  8:30  Roach x3  
  69  8:51  Hydralisk  
  69  8:52  Hydralisk x3  
  69  8:55  Overlord, Zergling x2  
  76  8:56  Overlord x3  
  76  9:14  Zergling x6  
  76  9:15  Zergling x2  
  80  9:20  Drone  
  81  9:30  Extractor  
  80  9:32  Extractor  
  79  9:42  Hydralisk  
  79  9:43  Hydralisk x3  
  87  9:46  Roach  
  87  9:50  Hatchery  
  88  9:55  Hydralisk x2  
  92  10:06  Roach x2  
  96  10:13  Hydralisk  
  98  10:18  Roach  
  100  10:26  Roach x4  
  71  10:46  Hydralisk x3  
  71  10:47  Hydralisk  
  71  11:00  Drone  
  70  11:15  Hydralisk  
  70  11:16  Hydralisk x4  
  56  11:28  Hydralisk x6, Drone  
  69  11:39  Evolution Chamber  
  68  11:51  Roach x5  
  68  11:52  Roach x2  
  82  12:02  Overseer x2  
  82  12:07  Roach  
  84  12:23  Zergling x16  
  92  12:33  Zerg Ground Armor Level 1  
  92  12:37  Zergling x6  
  95  12:46  Hydralisk  
  95  12:48  Overlord x2  
  97  13:02  Zergling x2  
  97  13:14  Hydralisk  
  97  13:15  Hydralisk x6  
  111  13:33  Drone x2  
  111  13:34  Evolution Chamber  
  112  13:40  Overlord x2  
  112  13:41  Overlord  
  112  13:47  Drone  
  113  13:59  Drone  
  113  14:00  Drone x9  
  123  14:03  Drone x2  
  123  14:08  Extractor  
  124  14:12  Drone x4  
  128  14:21  Hydralisk x2  
  128  14:23  Hydralisk  
  134  14:39  Overseer  
  134  14:43  Hydralisk  
  136  14:46  Overlord x2  
  136  14:57  Extractor  
  135  15:24  Spore Crawler  
  135  15:25  Hatchery  
  135  15:26  Hydralisk  
  135  15:27  Hydralisk x9  
  153  15:29  Overlord x2  
  148  15:49  Zergling x12  
  130  15:50  Zergling x12  
Tags
 
Add a new tag
Caveats
  • Supply blocks, unpowered buildings, or Contaminate may cause inaccurate times.
  • Supply counts are checked every 10 seconds.